 Dungeon Crawl Stone Soup version 0.22.1-1-ga44c0e56f4 (webtiles) character file.

454 JedernureinKreuz the Conjurer (level 6, -1/45 HPs)
             Began as a Demigod Conjurer on Sept 23, 2018.
             Slain by an iguana (7 damage)
             ... on level 5 of the Dungeon.
             The game lasted 00:16:52 (3712 turns).

JedernureinKreuz the Conjurer (Demigod Conjurer)    Turns: 3712, Time: 00:16:53

Health: -1/45      AC:  4    Str: 11    XL:     6   Next: 46%
Magic:  3/14       EV: 10    Int: 23    God:
Gold:   211        SH:  8    Dex: 16    Spells: 3/11 levels left

rFire    . . .     SeeInvis .   b - +3 mace (protect)
rCold    . . .     Gourm    .   D - +1 shield {reflect}
rNeg     . . .     Faith    .   e - +0 leather armour
rPois    .         Spirit   .   A - +0 helmet
rElec    .         Reflect  +   (no cloak)
rCorr    .         Harm     .   (no gloves)
MR       .....                  (no boots)
Stlth    ++........             (no amulet)
HPRegen  0.15/turn              (no ring)
MPRegen  0.14/turn              (no ring)

@: very slightly contaminated
A: high mp 1
a: no special abilities


You were on level 5 of the Dungeon.
You were not hungry.

You visited 1 branch of the dungeon, and saw 5 of its levels.

You collected 211 gold pieces.

Inventory:

Hand Weapons
 a - a +2 whip of venom
 b - a +3 mace of protection (weapon)
 g - a +0 whip
 h - a cursed -1 short sword
 m - a +0 dagger
 F - a cursed -1 dagger
 J - a +3 whip
 L - a +4 flail
Missiles
 p - 48 bolts
 u - 46 sling bullets
 K - 26 arrows
 N - 9 poisoned needles
Armour
 e - a +0 leather armour (worn)
 j - a +0 robe
 s - a +0 leather armour
 A - a +0 helmet (worn)
 B - a cursed +0 leather armour
 D - a +1 shield of reflection (worn)
Jewellery
 t - a +2 ring of evasion {unknown}
 E - an uncursed ring of resist corrosion {unknown}
 G - a cursed -3 ring of protection {unknown}
Wands
 q - a wand of polymorph (34)
 x - a wand of digging (6)
Scrolls
 d - 3 scrolls of teleportation {unknown}
 l - a scroll of random uselessness {unknown}
 o - 5 scrolls of fog {unknown}
 r - 2 scrolls of remove curse {unknown}
 v - 2 scrolls of magic mapping {unknown}
 y - a scroll of blinking {unknown}
 C - 3 scrolls of identify {unknown}
 O - a scroll of enchant armour {unknown}
Potions
 f - 2 potions of invisibility {unknown}
 i - 2 potions of haste {unknown}
 k - 2 potions of mutation {unknown}
 n - a potion of might {unknown}
 w - a potion of brilliance {unknown}
 z - 5 potions of heal wounds {unknown}
 H - a potion of degeneration {unknown}
 I - a potion of curing {unknown}
Comestibles
 c - 15 rations


   Skills:
 + Level 3.5 Dodging
 + Level 3.8 Stealth
 + Level 3.3 Spellcasting
 + Level 5.0 Conjurations


You had 3 spell levels left.
You knew the following spells:

 Your Spells              Type           Power        Failure   Level  Hunger
a - Magic Dart            Conj           ####         13%         1    None
b - Iskenderun's Mystic   Conj           ####....     78%         4    ####...
c - Dazzling Spray        Conj/Hex       ###...       73%         3    ###....

Your spell library contained the following spells:

 Spells                   Type           Power        Failure   Level  Hunger
 Searing Ray              Conj           ####..       21%         2    ##.....
 Force Lance              Conj/Tloc      ###.....     98%         4    ####...
 Fulminant Prism          Conj/Hex       ###.......   98%         4    ####...


Dungeon Overview and Level Annotations

Branches:
Dungeon (5/15)
 Temple: D:4-7

Shops:
D:5 (


Innate Abilities, Weirdness & Mutations

You have an increased reservoir of magic. (+10% MP)


Message History

You miscast Magic Dart.
You are very lightly contaminated with residual magic.
Sparks fly from your hands! The iguana bites you.
* * * LOW HITPOINT WARNING * * *
Casting: Magic Dart (safe; 13% risk of failure)
Confirm with . or Enter, or press ? or * to list all spells.
Aiming: Magic Dart (safe; 13% risk of failure)
Press: ? - help, Shift-Dir - straight line, f/p - iguana
Aim: an iguana (almost dead)
The magic dart hits the iguana.
The iguana is almost dead.
The iguana bites you but does no damage.
Casting: Magic Dart (safe; 13% risk of failure)
Confirm with . or Enter, or press ? or * to list all spells.
Aiming: Magic Dart (safe; 13% risk of failure)
Press: ? - help, Shift-Dir - straight line, f/p - iguana
Aim: an iguana (almost dead)
You miscast Magic Dart.
Wisps of smoke drift from your hands. The iguana bites you!
You die...

..........##### #.......#
#########.....#####.......#
#####.............#
#.....#.......#
...##..#.......# #
#..#........#
...##........# #
#####.....>...#
.##.#####@.#########
...(....l.## S.......###
..........S...#
...#####..##### .# #.# ..
..# .#


You could see an iguana.

Vanquished Creatures
  An orc priest (D:4)
  A hound (D:5)
  Ijyb (D:2)
  Terence (D:3)
  A worker ant (D:5)
  Natasha (thrice) (D:2)
  2 worker ant zombies (D:5)
  Robin (D:3)
  4 gnolls (D:4)
  8 adders
  A shadow imp (D:5)
  An ooze (D:2)
  An adder skeleton (D:5)
  2 worms
  2 dart slugs
  2 leopard geckos (D:3)
  8 orcs
  7 bats
  3 giant cockroaches
  9 goblins
  9 hobgoblins
  A quokka (D:2)
  A ball python (D:1)
  A ball python skeleton (D:4)
  2 frilled lizards
  6 kobolds
  A leopard gecko zombie (D:5)
  6 rats
86 creatures vanquished.

Notes
Turn   | Place    | Note
-------+----------+-------------------------------------------
     0 | D:1      | JedernureinKreuz the Demigod Conjurer began the quest for
                  | the Orb.
     0 | D:1      | Reached XP level 1. HP: 14/14 MP: 5/5
   677 | D:2      | Reached XP level 2. HP: 20/20 MP: 4/7
   735 | D:2      | Noticed Natasha
   779 | D:2      | Killed Natasha
   779 | D:2      | Reached skill level 4 in Conjurations
   779 | D:2      | Reached XP level 3. HP: 26/26 MP: 0/8
   880 | D:2      | Noticed Natasha
   916 | D:2      | Killed Natasha
   916 | D:2      | Reached XP level 4. HP: 23/33 MP: 5/10
  1177 | D:2      | Noticed Natasha
  1181 | D:2      | Killed Natasha
  1679 | D:3      | Noticed Ijyb
  1717 | D:2      | Killed Ijyb
  1717 | D:2      | Reached XP level 5. HP: 38/38 MP: 5/11
  1872 | D:3      | Learned a level 4 spell: Iskenderun's Mystic Blast
  1876 | D:3      | Learned a level 3 spell: Dazzling Spray
  1889 | D:3      | Noticed Terence
  1905 | D:3      | Killed Terence
  2132 | D:3      | Noticed Robin
  2159 | D:3      | Killed Robin
  2477 | D:3      | You fall through a shaft for 2 floors!
  2477 | D:5      | Entered Level 5 of the Dungeon
  3203 | D:4      | Reached XP level 6. HP: 34/45 MP: 13/13
  3603 | D:5      | Found Istuupoxono's Antique Weapon Shoppe.
  3695 | D:5      | Reached skill level 5 in Conjurations
  3712 | D:5      | Slain by an iguana

Skill      XL: |  1  2  3  4  5  6 |
---------------+-------------------+-----
Stealth        | 2 3 |  3.8
Dodging        | 2 3 |  3.5
Spellcasting   | 2 3 |  3.3
Conjurations   | 4 5 |  5.0

Action                   |  1- 3 |  4- 6 || total
-------------------------+-------+-------++-------
Melee: Whip              |    14 |    47 ||    61
       Mace              |       |    65 ||    65
 Cast: Magic Dart        |    34 |   121 ||   155
       Iskenderun's Myst |       |     1 ||     1
 Stab: Sleeping          |     1 |       ||     1
  Eat: Chunk             |       |     6 ||     6
       Ration            |       |     1 ||     1
Armor: Robe              |     2 |       ||     2
       Leather armour    |     2 |    42 ||    44
Dodge: Dodged            |    13 |    84 ||    97
Block: Shield            |       |    24 ||    24
